 Dungeon Crawl Stone Soup version 0.31-a0-521-gc7390f8997 (webtiles) character file.

Game seed: 1160078083449414270

121 javelincjr the Sneak (level 5, -1/46 HPs)
             Began as an Octopode Hedge Wizard on Aug 10, 2023.
             Killed from afar by Natasha (4 damage)
             ... with a magic dart
             ... on level 2 of the Dungeon.
             The game lasted 00:07:11 (2057 turns).

javelincjr the Sneak (Octopode Hedge Wizard)        Turns: 2057, Time: 00:07:11

Health: -1/46      AC:  3    Str:  9    XL:     5   Next: 5%
Magic:  6/10       EV: 13    Int: 17    God:
Gold:   102        SH:  0    Dex: 11    Spells: 5/10 levels left

rFire   . . .        k - +7 spear of Disembowelment {pain, rElec}
rCold   . . .        (no shield)
rNeg    . . .        b - +0 hat
rPois   .            (no amulet)
rElec   +            (no ring)
rCorr   .            (no ring)
SInv    .            (no ring)
Will    .....        (no ring) Stlth
                     (no ring)
HPRegen 0.27/turn    (no ring)
MPRegen 0.12/turn    (no ring)
                     (no ring)

%: no passive effects
@: berserking, slowed
A: almost no armour, amphibious, 8 rings, camouflage 1, gelatinous body 1,
(nimble swimmer 1), tentacles, iridescent scales 1, dopey 1
a: no special abilities


You were on level 2 of the Dungeon.
You visited 1 branch of the dungeon, and saw 2 of its levels.

You collected 102 gold pieces.

Inventory:

Hand Weapons
 a - a +0 dagger
 k - the +7 spear of Disembowelment (weapon) {pain, rElec}
   (You found it on level 2 of the Dungeon)

   rElec:     It insulates you from electricity.
Armour
 b - a +0 hat (worn)
 n - a +0 buckler
Talismans
 g - a storm talisman
Scrolls
 i - 3 scrolls of identify {unknown}
 l - 3 scrolls of blinking {unknown}
 o - a scroll of amnesia {unknown}
 p - a scroll of teleportation {unknown}
 q - a scroll of immolation {unknown}
Potions
 c - a potion of magic
 d - a potion of heal wounds {unknown}
 e - 2 potions of curing
 f - a potion of mutation
 j - a potion of attraction {unknown}
 m - a potion of enlightenment {unknown}


   Skills:
 + Level 1.0 Polearms
 + Level 2.6 Dodging
 + Level 3.7 Stealth
 + Level 3.3 Spellcasting
 + Level 1.8 Conjurations
 + Level 1.7 Summonings
 + Level 1.7 Translocations
 + Level 0.8 Shapeshifting


You had 5 spell levels left.
You knew the following spells:

 Your Spells              Type           Power      Damage    Failure   Level
a - Magic Dart            Conj           36%        1d4       8%          1
b - Blink                 Tloc           16%        N/A       12%         2
c - Call Imp              Summ           16%        N/A       13%         2

Your spell library contained the following spells:

 Spells                   Type           Power      Damage    Failure   Level
 Slow                     Hex            8%         N/A       17%         1
 Cigotuvi's Dreadful Rot  Necr/Pois/Air  4%         N/A       26%         2
 Mephitic Cloud           Conj/Pois/Air  4%         N/A       36%         3


Dungeon Overview and Level Annotations

Branches:
Dungeon (2/15)

Altars:

Annotations:
D:2 Natasha


Innate Abilities, Weirdness & Mutations

You cannot wear most types of armour.
You are amphibious.
You can wear up to eight rings at the same time.
Your skin changes colour to match your surroundings (Stealth+).
Your rubbery body absorbs attacks. (AC +1, EV +1)
((You are camouflaged when in or above water. (Stealth+)))
You have tentacles for arms and can constrict up to eight enemies at once.
You are partially covered in iridescent scales. (AC +2)
You are dopey. (Int -2)


Message History

You feel disoriented.
Your cerulean imp hits the cerulean imp but does no damage.
It was a potion of curing.
You feel better.
The cerulean imp hits you from afar with a +1 spear.
* * * LOW HITPOINT WARNING * * *
The cerulean imp hits you from afar with a +1 spear.
* * * LOW HITPOINT WARNING * * *
Your cerulean imp closely misses the cerulean imp.
It was a potion of mutation.
You feel extremely strange.
You feel stupid.
Iridescent scales grow over part of your body.
The cerulean imp barely misses you.
Your cerulean imp hits the cerulean imp but does no damage.
It was a potion of berserk rage.
A red film seems to cover your vision as you go berserk!
You feel yourself moving faster!
You feel mighty!
The cerulean imp hits you from afar with a +1 spear.
* * * LOW HITPOINT WARNING * * *
Your cerulean imp barely misses the cerulean imp.
The cerulean imp hits you from afar with a +1 spear.
* * * LOW HITPOINT WARNING * * *
Your cerulean imp barely misses the cerulean imp.
You are too berserk!
Reach: k) +7 spear of Disembowelment {pain, rElec}
Press: ? - help, Dir - move target, f - cerulean imp, p - Natasha
Aim: a cerulean imp, wielding a +1 spear (severely wounded, summoned, ally target, about 46% to evade the +7 spear of Disembowelment)
You reach to attack!
You puncture the cerulean imp!
You kill the cerulean imp!
The cerulean imp disappears in a puff of smoke!
Your cerulean imp barely misses the cerulean imp.
Reach: k) +7 spear of Disembowelment {pain, rElec}
Press: ? - help, Dir - move target, f - Natasha
Aim: Natasha (black smoke, about 40% to evade the +7 spear of Disembowelment)
You reach to attack!
You hit Natasha.
Natasha is moderately wounded.
Natasha mumbles some strange words.
You feel troubled. Natasha casts a spell at you. The magic dart hits you.
You die...

.#.#####.......................##
.............................#.##
................>#.######..#.#.##
.#.#.....##.#.##5#.# #..#.#.##
####..#..##.#.##.#.######..#.####
§§≈#.†#.......##5#.##............
§§§#..##.##.#.##h#.##..##..#.####
§§§#..##.##.#.##.#.##..##........
≈.≈#..##.##.#.##@#.#.............
§≈≈#.)##.##......#.#...##..#....#
≈§≈#..##.##.#.##..............#.#
≈≈≈#..................†....##.#..
####..##.##...<........##.....#..
####..##.........................
......#####.#.####.#...##..#####.
####.## #.#.####.#...##..####..
####.# #............##........


You could see Natasha, a cerulean imp (summoned, ally target) and a friendly
cerulean imp (summoned).

Vanquished Creatures
  Natasha (twice) (D:2)
  An adder (D:2)
  A dart slug (D:2)
  2 endoplasms
  A giant cockroach (D:1)
  2 goblins (D:2)
  3 hobgoblins
  4 jackals
  2 kobolds
  5 ball pythons
  3 bats
  A frilled lizard (D:2)
  4 rats
31 creatures vanquished.

Vanquished Creatures (collateral kills)
  Terence (D:2)
  An adder (D:2)
2 creatures vanquished.

Grand Total: 33 creatures vanquished

Notes
Turn   | Place    | Note
-------+----------+-------------------------------------------
     0 | D:1      | javelincjr the Octopode Hedge Wizard began the quest for
                  | the Orb.
     0 | D:1      | Reached XP level 1. HP: 11/11 MP: 4/4
   246 | D:1      | Reached XP level 2. HP: 17/17 MP: 6/6
   276 | D:1      | Learned a level 2 spell: Blink
   279 | D:1      | Learned a level 2 spell: Call Imp
   982 | D:2      | Found a faded altar of an unknown god.
  1028 | D:2      | Identified the +7 spear of Disembowelment {pain, rElec}
  1163 | D:2      | Reached XP level 3. HP: 21/21 MP: 7/7
  1405 | D:2      | Noticed Natasha
  1411 | D:2      | Killed Natasha
  1412 | D:2      | Reached XP level 4. HP: 27/27 MP: 3/8
  1693 | D:2      | Noticed Terence
  1707 | D:2      | Killed Terence
  1937 | D:2      | Noticed Natasha
  1959 | D:2      | Killed Natasha
  1960 | D:2      | Reached skill level 1 in Polearms
  1960 | D:2      | Reached XP level 5. HP: 18/31 MP: 6/10
  2036 | D:2      | Noticed Natasha
  2054 | D:2      | Gained mutation: You are dopey. (Int -2) [potion of
                  | mutation]
  2054 | D:2      | Gained mutation: You are partially covered in iridescent
                  | scales. (AC +2) [potion of mutation]
  2055 | D:2      | HP: 2/46 [cerulean imp/+1 spear[Natasha] (1)]
  2057 | D:2      | Killed from afar by Natasha

Illustrated notes

Levels and vault maps discovered:
D:1:      mainiacjoe_arrival_reflecting_pool, layout_basic
D:2:      layout_basic, basic_ecumenical_altar, hangedman_feature_mirror,
          minivault_23, glass_columns_a, kennysheep_generic_room_9,
          uniq_terence, uniq_natasha

Skill      XL: |  1  2  3  4 |
---------------+-------------+-----
Stealth        | 3 |  3.7
Polearms       | 1 |  1.0
Dodging        | |  2.6
Spellcasting   | |  3.3
Conjurations   | |  1.8
Summonings     | |  1.7
Translocations | |  1.7
Shapeshifting  | |  0.8

Action                     |  1- 3 |  4- 6 || total
---------------------------+-------+-------++-------
  Melee: Dagger            |    39 |     8 ||    47
         Constrict         |    16 |     3 ||    19
         Tentacles         |     8 |     6 ||    14
         Spear             |    12 |    12 ||    24
         Punch             |     1 |       ||     1
   Cast: Magic Dart        |     6 |     3 ||     9
         Call Imp          |     3 |     4 ||     7
         Blink             |     1 |     2 ||     3
    Use: Potion            |       |     3 ||     3
   Stab: Sleeping          |    11 |       ||    11
 Armour: Skin              |     2 |     1 ||     3
  Dodge: Dodged            |    25 |    14 ||    39

Table legend: (Time is in decaauts)
 A = Elapsed time spent in this place.
 B = Non-inter-level travel time spent in this place.
 C = Inter-level travel time spent in this place.
 D = Time resting spent in this place.
 E = Time spent auto-exploring this place.
 F = Levels seen in this place.
 G = Mean time per level.
                   A        B        C        D        E       F      G
               +--------+--------+--------+--------+--------+-----+--------+
         Total |   2060 |   1908 |    152 |     34 |   1550 |   2 | 1030.0 |
       Dungeon |   2060 |   1908 |    152 |     34 |   1550 |   2 | 1030.0 |
               +--------+--------+--------+--------+--------+-----+--------+

Top non-repeatable levels by time:
     D:2: 1137 daAuts
     D:1: 923 daAuts
